 Dungeon Crawl Stone Soup version 0.31-a0-246-g8cbcc1cb85 (webtiles) character file.

Game seed: 1657859458069508278

102 spiderkeys the Ducker (level 4, 0/34 HPs)
             Began as a Demonspawn Gladiator on July 12, 2023.
             Succumbed to a scorpion's poison
             ... on level 3 of the Dungeon.
             The game lasted 00:02:17 (1950 turns).

spiderkeys the Ducker (Demonspawn Gladiator)        Turns: 1950, Time: 00:02:17

Health: 0/34       AC:  4    Str: 16    XL:     4   Next: 50%
Magic:  4/4        EV: 13    Int: 10    God:
Gold:   56         SH:  9    Dex: 20    Spells: 3/3 levels left

rFire   + . .        a - +0 trident
rCold   + . .        l - +0 buckler
rNeg    . . .        b - +0 leather armour
rPois   +            c - +0 helmet
rElec   +            (no cloak)
rCorr   +            (no gloves)
SInv    .            (no boots)
Will    .....        (no amulet)
Stlth   +            D - +6 ring of dexterity
HPRegen 0.25/turn    L - ring of flight
MPRegen 0.09/turn

%: no passive effects
@: lethally poisoned (0 -> -15), about to teleport, resistant, flying
A: large bone plates 1
a: no special abilities


You were on level 3 of the Dungeon.
You visited 1 branch of the dungeon, and saw 3 of its levels.

You collected 56 gold pieces.


Innate Abilities, Weirdness & Mutations

You are partially covered in large bone plates. (SH +4)


   Skills:
 + Level 2.9 Fighting
 + Level 3.3 Polearms
 - Level 2.2 Throwing
 + Level 3.3 Dodging
 + Level 1.1 Shields


You had 3 spell levels left.
You didn't know any spells.
Your spell library was empty.

Inventory:

Hand Weapons
 a - a +0 trident (weapon)
Missiles
 d - 3 throwing nets (quivered) {=f!f}
 e - 3 javelins
 h - 3 stones
Armour
 b - a +0 leather armour (worn)
 c - a +0 helmet (worn)
 g - a +0 plate armour
   (You found it on level 1 of the Dungeon)
 l - a +0 buckler (worn)
   (You found it on level 2 of the Dungeon)
Jewellery
 D - a +6 ring of dexterity (left hand)
   (You found it on level 1 of the Dungeon)
 L - a ring of flight (right hand)
   (You found it on level 2 of the Dungeon)
Scrolls
 f - 2 scrolls of teleportation {@r4}
 i - a scroll of vulnerability {unknown}
 j - a scroll of amnesia {unknown}
 k - a scroll of identify {unknown}

Dungeon Overview and Level Annotations

Branches:
Dungeon (3/15) Zot: 16033

Altars:

###### ..( ###....# ...#
##......#
#...####.......#
...............#
.......#.#....###+##
........#.........#
###....#.....◑...#
#...@.......###.#####
#....[†####....###.##...
#...... #....##.......
#...... ####.<........
#...... ##.........
#.(.... #.†#.......
####### #.##.#..... #.
..#..... ...........


There were no monsters in sight!


Message History

The hobgoblin shouts!
You reach to attack!
You hit the hobgoblin. You hit the hobgoblin.
You kill the hobgoblin!
No target in view!
No target in view!
You see here a hobgoblin corpse.
Key pressed, stopping explore.
Found a stone staircase leading down.
No target in view!
m - a lumpy clear potion
n - a cyan potion Key pressed, stopping explore.
Key pressed, stopping explore.
Found an escape hatch in the floor.
You now have 52 gold pieces (gained 13).
You reach down and open the door.
There is an open door here.
There is a stone staircase leading up here.
Key pressed, stopping explore.
Key pressed, stopping explore.
Found a stone staircase leading up.
Done exploring.
Done exploring.
Done exploring.
There is a stone staircase leading down here.
You fly downwards.
There is a stone staircase leading up here.
A giant cockroach is nearby!
You reach to attack!
The helpless giant cockroach fails to defend itself.
You hit the giant cockroach.
You kill the giant cockroach!
No target in view!
No target in view!
No target in view!
Found a stone staircase leading up.
You now have 56 gold pieces (gained 4).
f - 3 scrolls labelled WUBBODWATA (gained 1)
You see here a blade talisman.
A scorpion comes into view.
A scorpion is nearby!
You reach to attack!
You hit the scorpion but do no damage. You hit the scorpion but do no damage.
You block the scorpion's attack.
You puncture the scorpion! The scorpion stings you.
You are poisoned.
The scorpion poisons you!
You block the scorpion's attack. 😕 HP[-2]
You take 2 damage, and now have 26/28 hp.
Throw: 5 javelins
Press: ? - help, Shift-Dir - straight line, f/p - scorpion
Aim: a scorpion (moderately wounded, 64% to hit)
You throw a javelin.
The javelin pierces through the scorpion!
You feel very sick. The scorpion stings you.
You are lethally poisoned!
The scorpion poisons you!
The scorpion barely misses you. 😮 HP[-9]
You take 9 damage, and now have 17/28 hp.
MASSIVE DAMAGE!! (PAUSE) It was a potion of heal wounds.
You feel much better.
You feel very sick. The scorpion stings you. 😮 HP[+2]
You regained 2 hp, and now have 19/28 hp.
You closely miss the scorpion.
You feel very sick. The scorpion stings you.
* * * LOW HITPOINT WARNING * * *
You are lethally poisoned!
The scorpion poisons you! 😨 HP[-6]
You take 6 damage, and now have 13/28 hp.
MASSIVE DAMAGE!! (PAUSE) Throw: 4 javelins
Press: ? - help, Shift-Dir - straight line, f/p - scorpion
Aim: a scorpion (severely wounded, 64% to hit)
You throw a javelin.
The javelin pierces through the scorpion.
You kill the scorpion!
* * * LOW HITPOINT WARNING * * *
You feel extremely sick.
Your Shields skill increases to level 1!
You have reached level 4!
You feel clever. 😱 HP[-6] MP[+1]
You now have 34 max hp (+6).
Your mp is fully restored (4).
It was a potion of resistance.
You feel protected.
* * * LOW HITPOINT WARNING * * *
You feel very sick. 😱 HP[-4]
You take 4 damage, and now have 3/34 hp.
Unknown command.
You aren't carrying any potions.
As you read the scroll labelled WUBBODWATA, it crumbles to dust.
You feel strangely unstable.
It was a scroll of teleportation.
You die...

Skill      XL: |  1  2  3 |
---------------+----------+-----
Throwing       | 2 |  2.2
Dodging        | 3 |  3.3
Polearms       | 3 |  3.3
Shields        | 1 |  1.1
Fighting       | |  2.9

Action                     |  1- 3 |  4- 6 || total
---------------------------+-------+-------++-------
  Melee: Trident           |   102 |       ||   102
  Throw: Javelin           |     2 |       ||     2
    Use: Potion            |     1 |     1 ||     2
         Scroll            |       |     1 ||     1
   Stab: Sleeping          |     3 |       ||     3
 Armour: Leather armour    |    16 |       ||    16
  Dodge: Dodged            |    41 |       ||    41
  Block: Other             |     7 |       ||     7
         Buckler           |     2 |       ||     2

Levels and vault maps discovered:
D:1:      mrwooster_arrival_statue_2, layout_basic, corexii_leaking_fountain,
          palyth_stone_intersect
D:2:      layout_basic, minivault_27
D:3:      layout_rooms, amethyst_overflow_temple_binary, kennysheep_minor_cross,
          small_statue_intersection, uniq_grinder, uniq_jessica, uniq_terence

Notes
Turn   | Place    | Note
-------+----------+-------------------------------------------
     0 | D:1      | spiderkeys the Demonspawn Gladiator began the quest for the
                  | Orb.
     0 | D:1      | Reached XP level 1. HP: 16/16 MP: 1/1
     0 | D:1      | magus.rc [v1.11.3]
   168 | D:1      | Reached skill level 2 in Throwing
   168 | D:1      | Gained mutation: You are partially covered in large bone
                  | plates. (SH +4) [demonic ancestry]
   168 | D:1      | Reached XP level 2. HP: 22/22 MP: 2/2
  1070 | D:2      | Reached skill level 3 in Dodging
  1096 | D:2      | Reached skill level 3 in Polearms
  1255 | D:2      | Reached XP level 3. HP: 28/28 MP: 3/3
  1941 | D:3      | Noticed a scorpion
  1948 | D:3      | Killed a scorpion
  1948 | D:3      | HP: 6/28 [poisoned by a scorpion]
  1949 | D:3      | Reached skill level 1 in Shields
  1949 | D:3      | Reached XP level 4. HP: 7/34 MP: 4/4
  1950 | D:3      | Succumbed to a scorpion's poison

Vanquished Creatures
  A scorpion (D:3)
  A worm (D:2)
  A dart slug (D:2)
  2 endoplasms (D:1)
  4 giant cockroaches
  A goblin (D:1)
  7 hobgoblins
  6 kobolds
  2 quokkas
  A ball python (D:1)
  3 bats
  2 frilled lizards
  3 rats
34 creatures vanquished.

Table legend:
 A = Non-vault XP
 B = Vault XP
 C = Vault XP percentage of total XP
 D = Non-vault monster count
 E = Vault monster count
 F = Vault count percentage of total count
                 A         B        C        D         E       F
            +---------+---------+-------+---------+---------+-------
      Total |     147 |       0 |   0.0 |      34 |       0 |   0.0
            +---------+---------+-------+---------+---------+-------
        D:1 |      27 |       0 |   0.0 |      17 |       0 |   0.0
        D:2 |      31 |       0 |   0.0 |      15 |       0 |   0.0
        D:3 |      89 |       0 |   0.0 |       2 |       0 |   0.0
            +---------+---------+-------+---------+---------+-------

Skill      XL: |  1  2  3 |
---------------+----------+-----
Throwing       | 2 |  2.2
Dodging        | 3 |  3.3
Polearms       | 3 |  3.3
Shields        | 1 |  1.1
Fighting       | |  2.9

Action                     |  1- 3 |  4- 6 || total
---------------------------+-------+-------++-------
  Melee: Trident           |   102 |       ||   102
  Throw: Javelin           |     2 |       ||     2
    Use: Potion            |     1 |     1 ||     2
         Scroll            |       |     1 ||     1
   Stab: Sleeping          |     3 |       ||     3
 Armour: Leather armour    |    16 |       ||    16
  Dodge: Dodged            |    41 |       ||    41
  Block: Other             |     7 |       ||     7
         Buckler           |     2 |       ||     2

Illustrated notes

Table legend:
 A = Kills in this place as a percentage of kills in the entire game.
 B = Kills by you in this place as a percentage of kills by you in the entire game.
 C = Kills by friends in this place as a percentage of kills by friends in the entire game.
 D = Other kills in this place as a percentage of other kills in the entire game.
 E = Experience gained in this place as a percentage of experience gained in the entire game.
 F = Experience gained in this place divided by the number of levels of this place that you have seen.
                   A       B       C       D       E      F
               +-------+-------+-------+-------+-------+----------------------
         Total | 100.0 | 100.0 |   N/A |   N/A | 100.0 |  49.0
       Dungeon | 100.0 | 100.0 |   N/A |   N/A | 100.0 |  49.0
               +-------+-------+-------+-------+-------+----------------------

Table legend: (Time is in decaauts)
 A = Elapsed time spent in this place.
 B = Non-inter-level travel time spent in this place.
 C = Inter-level travel time spent in this place.
 D = Time resting spent in this place.
 E = Time spent auto-exploring this place.
 F = Levels seen in this place.
 G = Mean time per level.
                   A        B        C        D        E       F      G
               +--------+--------+--------+--------+--------+-----+--------+
         Total |   1966 |   1846 |    120 |      0 |   1575 |   3 |  655.3 |
       Dungeon |   1966 |   1846 |    120 |      0 |   1575 |   3 |  655.3 |
               +--------+--------+--------+--------+--------+-----+--------+

Top non-repeatable levels by time:
     D:1: 1025 daAuts
     D:2: 907 daAuts
     D:3: 33 daAuts
